 Seeded DCSS version 0.28.0-53-g5a82cb258f (webtiles) character file.

Game seed: 8975328188744077526 (custom seed)

8567 cbfl8 the Cleaver (level 11, -1/95 HPs)
             Began as a Hill Orc Fighter on Aug 3, 2022.
             Was a Priest of Beogh.
             Slain by a kobold brigand
             ... wielding a +0 whip
              (7 damage)
             ... on level 10 of the Dungeon.
             The game lasted 00:21:01 (15262 turns).

cbfl8 the Cleaver (Hill Orc Fighter)               Turns: 15262, Time: 00:21:03

Health: -1/95      AC: 18    Str: 22    XL:     11   Next: 32%
Magic:  12/14      EV:  5    Int:  8    God:    Beogh [***...]
Gold:   461        SH: 14    Dex: 12    Spells: 10/10 levels left

rFire   . . .      SeeInvis +   c - +0 war axe
rCold   . . .      Faith    .   r - +0 tower shield
rNeg    . . .      Spirit   .   k - +0 plate armour
rPois   .          Reflect  .   (no helmet)
rElec   .          Harm     .   (no cloak)
rCorr   .          Rampage  .   o - +0 pair of gloves
Will    .....      Rage     1%  (no boots)
Stlth   ..........              (no amulet)
HPRegen 0.25/turn               f - +4 ring of protection
MPRegen 0.14/turn               h - +4 ring of slaying

@: no status effects
A: see invisible, berserk 1, sense surroundings 1
a: Renounce Religion, Smiting


You were on level 10 of the Dungeon.
You worshipped Beogh.
Beogh was most pleased with you.
You visited 1 branch of the dungeon, and saw 10 of its levels.

You collected 461 gold pieces.

Inventory:

Hand Weapons
 c - a +0 war axe (weapon)
Armour
 k - a +0 plate armour (worn)
 n - an orb of wrath
 o - a +0 pair of gloves (worn)
 r - a +0 tower shield (worn)
 v - the +1 chain mail of Ziog {rN+ Will+}
   (You found it on level 8 of the Dungeon)

   rN:        It protects you from negative energy.
   Will:      It increases your willpower.
Jewellery
 f - a +4 ring of protection (left hand)
 h - a +4 ring of slaying (right hand)
 s - a ring of poison resistance
Wands
 g - a wand of polymorph (5) (quivered)
 u - a wand of charming (8)
Scrolls
 a - a scroll of identify
 b - 3 scrolls of enchant armour
 d - 2 scrolls of noise
 i - 3 scrolls of teleportation
 j - 2 scrolls of enchant weapon
 l - a scroll of fog
 t - a scroll of amnesia
Potions
 q - 2 potions of attraction
 x - a potion of heal wounds


   Skills:
 * Level 8.7 Fighting
 + Level 10.9 Axes
 + Level 7.6 Armour
 * Level 5.5 Dodging
 + Level 0.1 Stealth
 + Level 7.9 Shields
 * Level 4.4 Invocations
 * Level 7.0 Evocations


You had 10 spell levels left.
You didn't know any spells.
Your spell library contained the following spells:

 Spells                   Type           Power      Damage    Failure   Level
 Corpse Rot               Necr/Air       0%         N/A       100%        2
 Poisonous Vapours        Pois/Air       0%         N/A       100%        2


Dungeon Overview and Level Annotations

Branches:
Dungeon (10/15)            Temple (0/1) D:4            Lair (0/6) D:9
    Orc (0/2) D:9

Altars:
Cheibriados
Gozag
Hepliaklqana
Kikubaaqudgha
Ru
Sif Muna
Vehumet
Wu Jian
Xom
Zin

Shops:
D:2 [   D:8 *

Annotations:
D:3 1 runed translucent door, Crazy Yiuf


Innate Abilities, Weirdness & Mutations

You have supernaturally acute eyesight. (SInv)
You tend to lose your temper in combat.
You passively map a small area around you.


Message History

You kill the kobold!
Beogh accepts your kill.
You hit the kobold brigand.
The two-headed ogre hits you with a +0 dire flail!
You block the two-headed ogre's attack.
The kobold brigand hits you but does no damage.
You are too injured to fight recklessly!
Unknown command.
You are too injured to fight recklessly!
Unknown command.
You are too injured to fight recklessly!
Unknown command.
You are too injured to fight recklessly!
Unknown command.
You are too injured to fight recklessly!
Unknown command.
You slash the kobold brigand!
The kobold brigand is almost dead.
You hit the kobold.
You kill the kobold!
Beogh accepts your kill.
You hit the two-headed ogre. You miss the kobold brigand. You hit the kobold.
You kill the kobold!
Beogh accepts your kill.
The two-headed ogre hits you with a +0 dire flail!
You block the two-headed ogre's attack.
The kobold brigand hits you but does no damage.
You barely miss the kobold brigand.
The kobold brigand is almost dead.
You hit the kobold brigand. You barely miss the two-headed ogre.
You slash the kobold!
You kill the kobold!
Beogh accepts your kill.
The kobold brigand hits you with a +0 whip.
* * * LOW HITPOINT WARNING * * *
The two-headed ogre hits you with a +0 dire flail!!
* * * LOW HITPOINT WARNING * * *
You block the two-headed ogre's attack.
The kobold brigand hits you with a +0 whip!
You die...

, , ##....##.##.##..###.
* , ,*#....##.#####..####
#.................# , ,,
,#.................# ,
#.................#
###+###############'####
,
........................
......OK.)..............
......)@.)..............
......)K................
,........................
........................
,
........................
* *
#########......#########
#......# #......#
#......#


You could see a two-headed ogre and 2 kobold brigands.

Vanquished Creatures
  Josephine (D:9)
  2 two-headed ogres
  A troll (D:9)
  Sigmund (D:2)
  13 yaks
  5 wraiths
  A shadow (D:9)
  2 steam dragons
  4 water moccasins
  A black bear (D:6)
  An orc warrior (D:8)
  A sky beast (D:6)
  An ogre (D:6)
  3 centaurs
  2 phantoms
  3 kobold brigands
  2 bullfrogs (D:8)
  A gnoll sergeant (D:5)
  4 scorpions
  A water moccasin zombie (D:5)
  A wyvern skeleton (D:7)
  7 wights
  3 jellies
  3 hounds
  An orc priest (D:9)
  A gnoll shaman (D:4)
  3 bullfrog skeletons
  2 centaur skeletons
  Ijyb (D:3)
  9 orc wizards
  4 iguanas
  6 ogre zombies (D:9)
  2 hound skeletons (D:4)
  3 howler monkey zombies
  4 gnolls (D:5)
  A howler monkey skeleton (D:6)
  9 adders
  A shadow imp (D:5)
  3 white imps
  An ufetubus (D:5)
  3 worms
  3 dart slugs
  26 orcs
  2 endoplasms (D:1)
  4 giant cockroaches
  8 goblins
  4 hobgoblins
  A jackal (D:5)
  31 kobolds
  4 quokkas
  7 ball pythons
  3 bats
  5 frilled lizards
  A goblin zombie (D:9)
  A hobgoblin skeleton (D:9)
  7 hobgoblin zombies (D:9)
  2 orc skeletons (D:9)
  8 orc zombies (D:9)
  3 rats
238 creatures vanquished.

Vanquished Creatures (others)
  An orc priest (D:4)
  An orc wizard (D:9)
2 creatures vanquished.

Grand Total: 240 creatures vanquished

Notes
Turn   | Place    | Note
-------+----------+-------------------------------------------
     0 | D:1      | cbfl8 the Hill Orc Fighter began the quest for the Orb.
     0 | D:1      | Reached XP level 1. HP: 19/19 MP: 1/1
   194 | D:1      | Found a faded altar of an unknown god.
   377 | D:1      | Reached XP level 2. HP: 27/27 MP: 2/2
   802 | D:1      | Reached skill level 3 in Axes
  1042 | D:2      | Reached XP level 3. HP: 31/33 MP: 3/3
  1275 | D:2      | Found Ziolitum's Armour Shoppe.
  1422 | D:2      | Noticed Sigmund
  1438 | D:2      | Killed Sigmund
  1439 | D:2      | Reached skill level 4 in Axes
  1439 | D:2      | Reached skill level 1 in Dodging
  1439 | D:2      | Reached skill level 1 in Evocations
  1439 | D:2      | Reached XP level 4. HP: 8/41 MP: 4/4
  1439 | D:2      | Reached XP level 5. HP: 10/47 MP: 5/5
  2177 | D:3      | Reached XP level 6. HP: 53/53 MP: 6/6
  2346 | D:3      | Noticed Ijyb
  2353 | D:3      | Killed Ijyb
  2616 | D:3      | Reached skill level 5 in Axes
  2697 | D:3      | Found a runed translucent door.
  2698 | D:3      | Noticed Crazy Yiuf
  2918 | D:3      | Found a hazy altar of Hepliaklqana.
  2954 | D:3      | Found a shimmering blue altar of Sif Muna.
  2976 | D:3      | Gained mutation: You have supernaturally acute eyesight.
                  | (SInv) [potion of mutation]
  2976 | D:3      | Gained mutation: You tend to lose your temper in combat.
                  | [potion of mutation]
  2976 | D:3      | Gained mutation: You passively map a small area around you.
                  | [potion of mutation]
  2980 | D:3      | Reached skill level 5 in Fighting
  3946 | D:4      | Became a worshipper of Beogh the Brigand
  4107 | D:4      | Reached XP level 7. HP: 61/61 MP: 7/7
  4391 | D:4      | Found a staircase to the Ecumenical Temple.
  4514 | D:4      | Reached skill level 5 in Armour
  4687 | D:4      | Reached skill level 6 in Axes
  4865 | D:5      | Entered Level 5 of the Dungeon
  4881 | D:4      | Reached * piety under Beogh
  5399 | D:5      | Reached XP level 8. HP: 67/68 MP: 8/8
  6429 | D:5      | Reached skill level 7 in Axes
  6781 | D:6      | Reached skill level 5 in Shields
  6935 | D:6      | Reached ** piety under Beogh
  7054 | D:6      | Noticed a yak
  7054 | D:6      | Noticed a yak
  7097 | D:6      | Killed a yak
  7098 | D:6      | Reached XP level 9. HP: 75/75 MP: 9/9
  7282 | D:6      | Reached skill level 8 in Axes
  7375 | D:6      | Found an opulent altar of Gozag.
  7418 | D:6      | Found a glowing silver altar of Zin.
  7702 | D:6      | Found a shimmering altar of Xom.
  8389 | D:7      | Reached skill level 9 in Axes
  9016 | D:8      | Noticed a two-headed ogre
  9031 | D:8      | Killed a two-headed ogre
  9032 | D:8      | Reached skill level 5 in Evocations
  9032 | D:8      | Reached XP level 10. HP: 21/86 MP: 10/10
  9496 | D:8      | Identified the +1 chain mail of Ziog {rN+ Will+}
  9757 | D:8      | Found Kimnokha's Profane Products.
  9944 | D:8      | Reached skill level 1 in Invocations
 10595 | D:9      | Reached *** piety under Beogh
 10614 | D:9      | Found a staircase to the Orcish Mines.
 11982 | D:9      | Noticed a two-headed ogre
 12188 | D:9      | Killed a two-headed ogre
 12189 | D:9      | Reached skill level 10 in Axes
 12189 | D:9      | Reached skill level 5 in Dodging
 13611 | D:9      | Reached XP level 11. HP: 34/95 MP: 9/13
 13927 | D:9      | Found a staircase to the Lair.
 14156 | D:10     | Entered Level 10 of the Dungeon
 14365 | D:10     | Found an ancient bone altar of Kikubaaqudgha.
 14670 | D:10     | Found an ornate altar of the Wu Jian Council.
 14672 | D:10     | Found a radiant altar of Vehumet.
 14674 | D:10     | Found a sacrificial altar of Ru.
 14675 | D:10     | Found a snail-covered altar of Cheibriados.
 14790 | D:10     | Noticed Josephine
 14817 | D:9      | Killed Josephine
 15252 | D:10     | Noticed a two-headed ogre
 15262 | D:10     | Slain by a kobold brigand

Illustrated notes

Levels and vault maps discovered:
D:1:      dpeg_arrival_oval, layout_loops_corners,
          ebering_ecumenical_altar_hall, lemuel_old_faithful
D:2:      layout_basic, serial_shops, shop_fountains, uniq_sigmund
D:3:      layout_loops_corners, nicolae_hepliaklqana_hippocampus,
          kennysheep_orc_sif_temple, nrook_campfire, minmay_misc_feat_room,
          uniq_crazy_yiuf_cottage, uniq_ijyb
D:4:      layout_basic, minmay_temple_entry_statues_pillars
D:5:      nicolae_cairo_tiling, layout_basic, minmay_fractal_squares_diagonal_5
D:6:      layout_loops_ring, pdpol_temple_overflow_zin_treasury_gozag_greed,
          kennysheep_mini_moat, hangedman_decor_points
D:7:      layout_rooms
D:8:      layout_cave_pods, nicolae_evil_shop
D:9:      layout_grid_maze, lair_entry_dummy, zombieorc1_lemuel
D:10:     layout_gridville, grunt_temple_overflow_open,
          hangedman_decor_clover_reticule, minmay_fountain_box, uniq_josephine

Skill      XL: |  1  2  3  4  5  6  7  8  9 10 11 |
---------------+----------------------------------+-----
Axes           | 3 4 5 6 7 9 10 | 10.9
Fighting       | 4 5 6 7 8 |  8.7
Armour         | 4 5 6 7 |  7.6
Dodging        | 1 2 3 4 5 |  5.5
Shields        | 4 5 6 7 |  7.9
Evocations     | 1 2 3 5 6 7 |  7.0
Invocations    | 3 4 |  4.4
Stealth        | |  0.1

Action                   |  1- 3 |  4- 6 |  7- 9 | 10-12 || total
-------------------------+-------+-------+-------+-------++-------
Melee: War axe           |    75 |    95 |   227 |   294 ||   691
       Hand axe          |       |     9 |    87 |       ||    96
Invok: Convert to Beogh  |       |     1 |       |       ||     1
       Smiting           |       |       |       |     3 ||     3
Evoke: Wand              |       |     1 |    33 |     6 ||    40
  Use: Potion            |     1 |     4 |       |     2 ||     7
       Scroll            |       |       |     9 |     8 ||    17
Armor: Scale mail        |    30 |    51 |       |       ||    81
       Plate armour      |       |     6 |   202 |   196 ||   404
Dodge: Dodged            |    23 |    52 |    47 |    61 ||   183
Block: Buckler           |    16 |     5 |       |       ||    21
       Tower shield      |       |     6 |   281 |   291 ||   578
